AoeStats
← [PSCH] R!ce

Arabia

507019947Analyzed
1v1 RM · 16d ago on Sep 16, 2026· 54m 46s· 2 players
Game mode
Random Map
Map size
Tiny (2 player)
Population
200
Speed
Normal
Resources
Standard
Victory
Conquest
Starting age
Dark Age
Ending age
Imperial Age
RankedLock teamsTeams togetherTeam positionsShared explorationLock speedFull tech treeHidden civsTurbo modeCheats
Victory
Defeat
🇹🇷 Hindustanis · Türkiye
1392
+20
🇨🇭 Shu · Switzerland
1473
-20
yokmen
6:19 Loom
8:52 Feudal Age
9:27 Double-Bit Axe
14:18 Wheelbarrow
15:48 Fletching
17:52 Padded Archer Armor
21:43 Castle Age
21:32 Gold Mining
21:37 Horse Collar
21:49 Crossbowman
22:27 Bodkin Arrow
23:05 Town Watch
24:19 Leather Archer Armor
27:31 Ballistics
34:59 Thumb Ring
38:34 Bow Saw
38:28 Heavy Plow
42:52 Imperial Age
41:30 Bloodlines
41:21 Husbandry
42:06 Scale Barding Armor
43:40 Bracer
43:18 Elite Skirmisher
45:17 Ring Archer Armor
45:31 Heavy Camel Rider
47:35 Siege Elephant
50:00 Chain Barding Armor
49:50 Forging
51:37 Chemistry
51:16 Light Cavalry
54:41 Hussar
[PSCH] R!ce
7:32 Loom
9:34 Feudal Age
14:52 Fletching
15:24 Double-Bit Axe
21:24 Castle Age
21:12 Padded Archer Armor
21:31 Crossbowman
22:54 Bodkin Arrow
23:27 Bow Saw
33:47 Thumb Ring
40:04 Imperial Age
40:07 Arbalester
40:26 Arbalester
41:25 Bracer
42:39 Ballistics
43:39 Leather Archer Armor
47:51 Scale Mail Armor
48:01 Forging
49:41 Chain Mail Armor
54:11 Plate Mail Armor
Connection lost

Rejoining the realm…

Still unreachable

The connection could not be restored.

Session expired

The server has moved on; the page needs a fresh start.